[Event "87th Tata Steel Challengers 2025"]
[Site "Wijk aan Zee"]
[Date "2025.01.28"]
[Round "9.1"]
[White "Svane, Frederik"]
[Black "Pijpers, Arthur"]
[Result "1/2-1/2"]
[Annotator "TA"]
[ECO "B77"]
[WhiteElo "2664"]
[BlackElo "2474"]
[PlyCount "115"]
[EventDate "2025.01.13"]
[EventType "tourn"]
[EventCountry "NED"]
[SourceTitle "playchess.com"]
[Source "ChessBase"]
[SourceQuality "1"]
[TimeControl "40/6000+30:20/3000+30:900+30"]

1. e4 c5 2. Nf3 d6 3. d4 Nf6 4. Nc3 cxd4 5. Nxd4 g6 6. Be3 Bg7 7. f3 Nc6 8. Qd2 O-O 9. Bc4 Qa5 10. O-O-O Nxd4 11. Bxd4 Be6 12. Bxe6 fxe6 13. Rhe1 {[%emt 0:00:53] B77: Sicilian Dragon: Yugoslav Attack, 9 Bc4 sidelines.} Nd7 14. Bxg7 Kxg7 {[%emt 0:00:04] [#]} 15. e5 $1 {[%emt 0:00:06] White is slightly better.} d5 16. a3 Rac8 17. Ne2 Qxd2+ 18. Rxd2 Nb8 ({But not} 18... Nxe5 $6 19. Nd4 Kf6 20. g4 $16 (20. f4 Nc4 $16)) 19. Nd4 Kf7 20. f4 Nc6 21. Nf3 h6 {[%emt 0:00:06] Wards off Ng5+} 22. h4 Ke8 23. g3 Kd7 24. Re3 h5 $146 (24... b5 25. Rc3 {1-0 Barclay,A (2379)-Villeneuve,R (2303) CAN-ch78 email 2022}) 25. b3 b5 26. Kb2 Rb8 27. Rc3 a5 28. Rc5 Rb6 29. Rd3 {[%emt 0:23:48] White is more active.} Rfb8 30. Kc1 b4 {[%emt 0:05:53] The position is equal.} 31. a4 Ra8 32. c4 bxc3 33. Rdxc3 Rab8 34. Kb2 R8b7 35. Ka3 Rb8 36. Nd2 R8b7 37. Kb2 Rb8 38. Kc2 Nd4+ 39. Kb2 Nc6 40. Ka2 Nb4+ 41. Ka3 Nc6 42. Rf3 R8b7 43. Rc1 Rc7 44. Rfc3 Rcb7 45. Rd1 {[%emt 0:00:00] Threatens to win with Ne4.} (45. Nf3 $5) 45... Nd4 46. Kb2 Rb4 47. Ka2 Rb8 48. Ka3 R8b7 49. Ka2 Rb8 50. Ka3 R8b7 51. Re1 Nf5 52. Rec1 Rd4 53. R1c2 Ra7 54. Kb2 Rb7 55. Ka2 Ra7 56. Kb2 Rb7 57. Ka3 Ra7 58. Kb2 {[%emt 0:01:51] Weighted Error Value: White=0.04 (flawless) /Black=0.03 (flawless)   Inaccurate:     	White=2     	---        OK:         	White=17    	Black=21     Best:        	White=1     	Black=1} 1/2-1/2

[Event "87th Tata Steel Challengers 2025"]
[Site "Wijk aan Zee"]
[Date "2025.01.28"]
[Round "9.2"]
[White "L'Ami, Erwin"]
[Black "Yakubboev, Nodirbek"]
[Result "1/2-1/2"]
[Annotator "TA"]
[ECO "B90"]
[WhiteElo "2614"]
[BlackElo "2659"]
[PlyCount "72"]
[EventDate "2025.01.13"]
[EventType "tourn"]
[EventCountry "NED"]
[SourceTitle "playchess.com"]
[Source "ChessBase"]
[SourceQuality "1"]
[TimeControl "40/6000+30:20/3000+30:900+30"]

1. e4 c5 2. Nf3 d6 3. d4 cxd4 4. Nxd4 Nf6 5. Nc3 a6 6. Be3 e5 7. Nf3 Be7 8. Bc4 O-O 9. O-O Nc6 10. Qe2 b5 {[%emt 0:07:36] B90: Sicilian Najdorf: Unusual White 6th moves, 6 Be3 Ng4 and 6 Be3 e5.} 11. Bb3 Be6 {[%emt 0:09:16] is the legacy move (11...Na5).} 12. Rfd1 h6 {[%emt 0:23:31] White has an edge.} 13. Ne1 Qc7 14. Nd5 $146 (14. f3 Rfd8 15. Nd5 Qb7 16. a4 b4 17. a5 Bf8 18. Nxf6+ gxf6 19. Bd5 f5 20. exf5 Bxf5 {1-0 Toncheva,N (2195)-Orujov,F (2225) Titled Tuesday intern op 31st Jan Early blitz 2023 (7)}) 14... Bxd5 15. Bxd5 Nxd5 16. Rxd5 Nb8 17. f3 Nd7 18. Rad1 b4 19. R5d2 Rfc8 20. Qd3 a5 21. Rc1 Nc5 22. Qd5 (22. Qe2 {simplifies} Bg5 23. Bxg5 hxg5 24. Qe3) 22... Na4 23. Rb1 Nb6 24. Bxb6 Qxb6+ 25. Kh1 Bg5 26. Re2 Rc6 27. Qd3 {[%emt 0:03:19] White is weak on the dark squares} Qc5 28. g3 {[%emt 0:01:10] The position is equal.} Rd8 29. Rd1 d5 30. exd5 Rcd6 $1 31. Qe4 ({But not} 31. Rxe5 Bf6 32. Qe3 Qb5 $17 (32... Qc8 33. Re4 $17)) 31... Rxd5 32. Rxd5 Qxd5 33. Qxd5 Rxd5 34. Nd3 Bf6 $1 35. Re4 g6 36. Rc4 Be7 {[%emt 0:02:05] Weighted Error Value: White=0.08 (flawless) /Black=0.06 (flawless)   Inaccurate:     	White=4     	Black=2      OK:         	White=9     	Black=6      Strong:       	---       	Black=2} 1/2-1/2

[Event "87th Tata Steel Challengers 2025"]
[Site "Wijk aan Zee"]
[Date "2025.01.28"]
[Round "9.3"]
[White "Oro, Faustino"]
[Black "Gurel, Ediz"]
[Result "0-1"]
[Annotator "TA"]
[ECO "E04"]
[WhiteElo "2447"]
[BlackElo "2624"]
[PlyCount "178"]
[EventDate "2025.01.13"]
[EventType "tourn"]
[EventCountry "NED"]
[SourceTitle "playchess.com"]
[Source "ChessBase"]
[SourceQuality "1"]
[TimeControl "40/6000+30:20/3000+30:900+30"]

1. d4 d5 2. c4 e6 3. Nf3 Nf6 4. g3 dxc4 5. Bg2 Nc6 6. O-O Rb8 7. e3 Be7 {[%emt 0:05:59] E04: Open Catalan: 5 Nf3.} 8. Qe2 b5 9. b3 cxb3 {[%emt 0:01:38] The position is equal.} 10. axb3 a6 11. Bb2 {[%emt 0:04:03][%mdl 1024] 11.Bd2 might become the main line. White has compensation.} O-O 12. Rc1 {[%emt 0:10:18] White sacrificed a pawn} Bb7 13. Nbd2 Nb4 14. Ne5 Bxg2 15. Kxg2 Rb6 16. e4 Qb8 $146 (16... Nd7 17. Ndf3 Nxe5 18. Nxe5 Bd6 19. Ng4 f5 20. Ne3 Qa8 21. d5 fxe4 22. dxe6 Rf3 {1-0 Sevian,S (2660)-Hnydiuk,A (2411) Titled Tuesday intern op 5th May blitz 2020 (4)}) 17. Kg1 Qb7 18. Rd1 (18. g4 $15) 18... Rd8 19. Rac1 {[%emt 0:01:59] Prevents Nc2} a5 20. Nef3 h6 21. h3 a4 22. bxa4 bxa4 {[%emt 0:00:14][%csl Oa4] Black has a strong passed pawn} 23. Ba3 Bf8 (23... Nc6 24. Bxe7 Nxe7) 24. Rc4 Qa6 25. Qe3 Rb5 26. Rdc1 (26. Ra1 $15) 26... Ne8 (26... c5 $1 $17 27. R1c3 cxd4 28. Nxd4 Rb7) 27. Kg2 Qa8 28. Ra1 Bd6 29. Rcc1 Rdb8 30. Qe2 c5 $36 {[%emt 0:01:29][%mdl 2048] Black has some pressure.} 31. Nc4 Bf8 32. Bb2 (32. dxc5 $15 Bxc5 (32... Rxc5 33. Rab1 $17) 33. Nce5) 32... cxd4 33. Nxd4 R5b7 34. Ba3 Rc7 35. Ne5 Rxc1 36. Rxc1 Nf6 37. f3 Rb7 (37... Bd6 $19 38. Ndc6 Nxc6 39. Bxd6 Nxe5 40. Bxe5 Rd8) 38. Rc4 Rb6 39. Qd2 (39. Bxb4 $142 Rxb4 40. Rxb4 Bxb4 41. Qc4) 39... Qb8 $17 40. Ng4 Nxg4 41. hxg4 Qb7 42. Nc2 (42. g5 $17) 42... Nxc2 $19 43. Bxf8 Ne1+ (43... a3 44. Rxc2 Ra6 45. Bc5 $18) (43... Rb1 $1 $19 {has better winning chances.} 44. Rxc2 (44. Qxc2 $2 Rb2 $19) 44... Qa6) 44. Qxe1 $17 {[%emt 0:00:00][%cal Oe1c3] And now Qc3! would win.} Kxf8 45. Rxa4 {[%emt 0:00:00][%mdl 4096] Endgame KQR-KQR} Rb2+ 46. Kh3 Kg8 47. Ra3 {[%emt 0:00:00] Against Qb3} Qb5 48. e5 ({White should try} 48. Rc3) 48... Re2 (48... g6 $142 49. Ra1 Qd3) 49. Qc3 Rxe5 {[%emt 0:02:30] Black is more active.} 50. Qd3 Qxd3 51. Rxd3 {[%emt 0:00:00] KR-KR. Black is a pawn up.} Re2 52. f4 Rf2 53. Rd7 Kf8 54. Ra7 Rb2 55. Rc7 Rf2 56. Ra7 $1 g6 57. Rb7 Kg7 58. Rb5 Rd2 59. Ra5 Kf6 60. Rb5 g5 61. Rb4 Rf2 62. Ra4 Re2 63. Rb4 Kg6 64. Ra4 (64. Rb6 $142) 64... Rf2 65. Rb4 h5 {[%emt 0:02:22] ( -> ...hxg4+)} 66. fxg5 hxg4+ ({Much weaker is} 66... Kxg5 $6 67. Rb5+ Kg6 68. Rxh5 $11) 67. Kxg4 Rf5 68. Ra4 Rxg5+ 69. Kf3 Rb5 70. Rg4+ Kf6 71. Ra4 Rb3+ 72. Kf2 Kg5 73. Ra7 Kg6 74. Ra5 f6 75. Ra6 Kf5 76. Ra8 Rd3 77. Ra4 e5 78. Ra6 Rb3 79. Rc6 Rb2+ 80. Ke3 Rb3+ 81. Kf2 e4 ({Better is} 81... Kg5 $17) 82. Rc4 (82. Rc8 $11) 82... Rf3+ 83. Kg2 Ke5 (83... Ra3 $17) 84. Ra4 (84. Rc5+ $1 $11 Kd4 85. Ra5) 84... Rd3 85. Kf2 {[%emt 0:00:08] [#]} f5 $1 {[%emt 0:00:44] aiming for ...Rd2+.} 86. Ra5+ Rd5 87. Ra4 $2 (87. Ra8 $17) 87... Rd2+ $19 {[%emt 0:00:18] Black is clearly winning.} 88. Ke3 {[%emt 0:00:07] [#]} Rg2 $1 89. Ra5+ Kf6 {[%emt 0:00:06] Weighted Error Value: White=0.19 (very precise) /Black=0.17 (very precise)   Loses game:     	White=1     	---        Missed win:     	---       	Black=1      Mistake:       	White=9     	Black=6      Inaccurate:     	White=9     	Black=6      OK:         	White=21    	Black=36     Best:        	White=6     	Black=6      Strong:       	White=1     	Black=1} 0-1

[Event "87th Tata Steel Challengers 2025"]
[Site "Wijk aan Zee"]
[Date "2025.01.28"]
[Round "9.4"]
[White "Nogerbek, Kazybek"]
[Black "Nguyen, Thai Dai Van"]
[Result "1/2-1/2"]
[Annotator "TA"]
[ECO "B50"]
[WhiteElo "2514"]
[BlackElo "2668"]
[PlyCount "116"]
[EventDate "2025.01.13"]
[EventType "tourn"]
[EventCountry "NED"]
[SourceTitle "playchess.com"]
[Source "ChessBase"]
[SourceQuality "1"]
[TimeControl "40/6000+30:20/3000+30:900+30"]

1. e4 c5 2. Nf3 d6 3. Nc3 Nf6 4. Bb5+ Bd7 5. Qe2 a6 6. Bxd7+ Nbxd7 7. O-O g6 8. a4 Bg7 9. a5 Ng4 10. Nd1 O-O 11. d3 Nge5 12. Ne3 Nxf3+ 13. Qxf3 Ne5 14. Qh3 Nc6 15. Nc4 Rb8 16. c3 Qc8 17. Qxc8 Rbxc8 18. Bf4 f5 19. f3 Rcd8 20. Nb6 fxe4 21. fxe4 Be5 22. Bg5 Rxf1+ 23. Rxf1 Rf8 {[%emt 0:00:33][%cal Oe5h2] [#] Strongly threatening ...Bxh2+!} 24. Ra1 Bf4 25. Bxf4 Rxf4 $11 {[%emt 0:00:06][%mdl 4096] Endgame. KRN-KRN} 26. Nc4 Rf8 27. Ra3 Rd8 28. Kf2 e6 29. Ke2 Kf8 30. Nd2 Ke7 31. Nf3 h6 32. h3 g5 33. Ke3 Kd7 34. Ra1 Ke7 35. b4 cxb4 36. cxb4 d5 37. Rb1 dxe4 38. dxe4 Kf6 39. Ne1 Ne5 40. Rc1 {[%emt 0:02:47] Dodges Nc4+} Rd7 41. Rc8 Rd1 42. Nf3 Nxf3 43. gxf3 $15 {[%emt 0:00:00] KR-KR. The position is equal.} Rh1 44. Rc7 Rxh3 {[%emt 0:01:09] Threatens to win with ...g4.} 45. Kf2 Rh2+ 46. Ke3 $1 Rb2 47. Rxb7 h5 48. Rb6 Ke5 49. Rxa6 Rb3+ 50. Kf2 Rxb4 {[%emt 0:05:05] [#] Hoping for ...Rb2+.} 51. Ra8 Rb2+ 52. Kg3 h4+ 53. Kh3 Rf2 54. Rf8 Ra2 55. Kg4 Rg2+ 56. Kh3 Ra2 57. Kg4 Rg2+ 58. Kh3 Ra2 {[%emt 0:00:01] Weighted Error Value: White=0.04 (flawless) /Black=0.04 (flawless) .  Inaccurate:     	White=2     	Black=2      OK:         	White=21    	Black=18     Best:        	White=5     	Black=1      Strong:       	White=1     	---} 1/2-1/2

[Event "87th Tata Steel Challengers 2025"]
[Site "Wijk aan Zee"]
[Date "2025.01.28"]
[Round "9.5"]
[White "Bulmaga, Irina"]
[Black "Bok, Benjamin"]
[Result "0-1"]
[Annotator "TA"]
[ECO "B48"]
[WhiteElo "2386"]
[BlackElo "2583"]
[PlyCount "80"]
[EventDate "2025.01.13"]
[EventType "tourn"]
[EventCountry "NED"]
[SourceTitle "playchess.com"]
[Source "ChessBase"]
[SourceQuality "1"]
[TimeControl "40/6000+30:20/3000+30:900+30"]

1. e4 c5 2. Nf3 e6 3. d4 cxd4 4. Nxd4 Nc6 5. Nc3 Qc7 6. Be3 a6 7. Be2 Nf6 8. a3 Be7 9. g4 {[%emt 0:03:47] g5 is in the air B48: Sicilian: Taimanov: 5 Nc3 Qc7 6 Be3 a6 without Be2.} d5 $5 {[%emt 0:35:57][%mdl 4] Leaves trodden paths.} 10. exd5 Nxd5 11. Nxd5 {[%emt 0:00:31] The position is equal.} exd5 12. Qd2 O-O 13. O-O-O Ne5 14. Rhg1 $146 (14. Bf4 Bd6 15. Nf5 Nd3+ 16. Qxd3 Bxf4+ 17. Kb1 Be6 18. Qd4 Be5 19. Ne7+ Kh8 20. Nxd5 {0-1 Meyer,P (2108)-Murzin,L (2195) Las Vegas National op 2006 (2)}) 14... Nc4 15. Bxc4 dxc4 16. Bf4 Qc5 17. Qc3 Rd8 18. Be3 {[%emt 0:04:23][%cal Od4f5] [#] Nf5! is the strong threat.} Qc7 19. f4 b5 20. Nf5 ({White should play} 20. h3 $15) 20... Rxd1+ $17 21. Rxd1 {[%emt 0:00:17][%csl Gf5][%cal Rc3g7] [#]} Bxf5 $1 22. gxf5 Bf6 {[%emt 0:00:05] Wards off Qe5} 23. Qb4 h5 24. Qc5 Qb7 25. Qb6 (25. Bd4 $17 {was worth a try.} Rd8 26. Bxf6 Rxd1+ 27. Kxd1 Qh1+ (27... gxf6 28. Qf2 $17) 28. Ke2 gxf6 (28... Qxh2+ 29. Qf2 $11) 29. Qf2) 25... Qe4 26. Qc5 (26. Bd2 $142) 26... Re8 27. Bd2 Qg2 28. a4 $2 (28. h4) 28... Qxh2 $19 (28... bxa4 $2 29. Qxc4 a3 (29... Qxh2 $2 30. Qxa4 Rd8 31. Qe4 $19) 30. bxa3 $19) 29. axb5 axb5 30. Qxb5 (30. Qg1 $142 Qh3 31. Qh1 Qxf5 32. Qc6) 30... Ra8 31. Ba5 Qxf4+ 32. Kb1 Rb8 33. Bb6 Qe3 34. Bxe3 Rxb5 35. Bd4 Rxf5 36. Bxf6 Rxf6 {[%emt 0:00:01] KR-KR. Black is two pawns up.} (36... gxf6 $2 37. Rd4 $19) 37. Rd4 g5 {[%emt 0:00:41] Hoping for ...g4.} 38. Rxc4 g4 {[%emt 0:00:06] ( -> ...g3)} 39. Rc5 g3 40. Rxh5 g2 {[%emt 0:00:12] Weighted Error Value: White=0.89/Black=0.19 (very precise)   Mistake:       	White=5     	---        Inaccurate:     	White=1     	---        OK:         	White=6     	Black=14     Best:        	White=2     	Black=1      Strong:       	---       	Black=1} 0-1

[Event "87th Tata Steel Challengers 2025"]
[Site "Wijk aan Zee"]
[Date "2025.01.28"]
[Round "9.6"]
[White "Lu, Miaoyi"]
[Black "Suleymanli, Aydin"]
[Result "1/2-1/2"]
[Annotator "TA"]
[ECO "C56"]
[WhiteElo "2429"]
[BlackElo "2623"]
[PlyCount "59"]
[EventDate "2025.01.13"]
[EventType "tourn"]
[EventCountry "NED"]
[SourceTitle "playchess.com"]
[Source "ChessBase"]
[SourceQuality "1"]
[TimeControl "40/6000+30:20/3000+30:900+30"]

1. e4 e5 2. Nf3 Nc6 3. Bc4 Nf6 4. d4 exd4 5. e5 d5 6. Bb5 Ne4 7. Nxd4 Bc5 8. Be3 Bd7 9. Bxc6 bxc6 10. Nd2 Nxd2 11. Qxd2 Bb6 12. Nb3 {[%emt 0:25:18] C56: Two Knights: 4 d4 exd4 5 0-0 Nxe4.} O-O {[%emt 0:02:35] Black is weak on the dark squares} 13. O-O Re8 14. Qc3 {[%emt 0:15:16] White has an edge.} f6 15. f4 fxe5 16. fxe5 Qg5 17. Nc5 $1 Bxc5 (17... Qxe5 $2 18. Rf8+ (18. Nxd7 $2 Bxe3+ 19. Kh1 Qxc3 $19) 18... Rxf8 19. Qxe5 $18) 18. Bxc5 Rxe5 19. Rf3 {[%emt 0:00:02] [#]} (19. h4 $5 Qh5 $8 (19... Qxh4 $2 {perishes.} 20. Qxe5 h6 21. Rf4 $18) 20. Rae1 Rxe1 21. Qxe1 $11) 19... Rae8 $146 (19... Re4 20. Raf1 h5 21. h3 Rc4 22. Qa3 Re8 23. b4 Re2 24. Rg3 Qe5 25. Qf3 Be8 26. c3 Ree4 27. Bd4 Rcxd4 28. cxd4 {½-½ Modestino,M (2218)-Sychov,A (2163) Sanchez Memorial C2 email 5th 2018}) 20. Rg3 {[%emt 0:13:17] Against h5} Qh4 21. Rf1 {[%emt 0:06:07][%cal Oc3e5] and Qxe5! should not be overlooked} Qc4 22. Qxc4 dxc4 23. Bd4 ({But not} 23. Bxa7 c5 $11) 23... R5e7 24. Bxa7 Re2 25. Bd4 g6 26. Rf2 Re1+ 27. Rf1 R1e2 28. Rf2 Re1+ 29. Rf1 R1e2 30. Rf2 {[%emt 0:00:55] Weighted Error Value: White=0.06 (flawless) /Black=0.04 (flawless)   Inaccurate:     	White=1     	---        OK:         	White=8     	Black=12     Strong:       	White=1     	---} 1/2-1/2

[Event "87th Tata Steel Challengers 2025"]
[Site "Wijk aan Zee"]
[Date "2025.01.28"]
[Round "9.7"]
[White "Vaishali, Rameshbabu"]
[Black "Deshmukh, Divya"]
[Result "1/2-1/2"]
[Annotator "TA"]
[ECO "C50"]
[WhiteElo "2476"]
[BlackElo "2490"]
[PlyCount "73"]
[EventDate "2025.01.13"]
[EventType "tourn"]
[EventCountry "NED"]
[SourceTitle "playchess.com"]
[Source "ChessBase"]
[SourceQuality "1"]
[TimeControl "40/6000+30:20/3000+30:900+30"]

1. e4 e5 2. Nf3 Nc6 3. Bc4 Bc5 4. d3 Nf6 5. Bg5 Be7 6. a4 {[%emt 0:01:28] C50: Hungarian Defence and Giuoco Pianissimo.} h6 7. Bh4 d6 8. Nc3 {[%emt 0:00:48] White has an edge.} Bg4 $146 (8... a5 9. h3 O-O 10. Bg3 Be6 11. Bxe6 fxe6 12. O-O Qd7 13. Nb5 Nd8 14. Re1 Nf7 {0-1 Vidit,S (2721)-Niemann,H (2688) North Richland Hills blitz m3 2024 (3.6)}) 9. h3 Bxf3 10. Qxf3 Nd4 11. Qd1 c6 12. Ba2 Qb6 13. Rb1 a5 14. O-O g5 15. Bg3 h5 16. Kh1 h4 17. Bh2 Rg8 18. Ne2 Ne6 19. Bxe6 fxe6 20. f3 Nh5 21. c3 Nf4 22. b4 Kf7 23. b5 c5 24. Bg1 Qc7 25. d4 b6 26. d5 exd5 27. Nxf4 gxf4 28. Qxd5+ Kg7 {[%emt 0:01:48] Black is weak on the light squares} 29. Rfd1 Raf8 30. Bf2 Kh7 31. Rb2 Rg6 32. Be1 Rfg8 33. c4 Qc8 {[%emt 0:02:10][%cal Og6g2] [#] And now ...Rxg2! would win.} 34. Kh2 R8g7 {[%emt 0:00:57] The position is equal.} 35. Rdd2 {[%emt 0:01:58] Active counter play!} Qg8 36. Qxg8+ Rxg8 37. Rd3 {[%emt 0:00:07] Weighted Error Value: White=0.06 (flawless) /Black=0.05 (flawless)   Inaccurate:     	White=1     	Black=2      OK:         	White=13    	Black=19     Best:        	---       	Black=1} 1/2-1/2